 Dungeon Crawl Stone Soup version 0.31-a0-177-g4aa6249778 (webtiles) character file.

Game seed: 181451528374805526

5287 qw the Cleaver (level 10, -3/64 HPs)
             Began as a Gargoyle Fighter on June 18, 2023.
             Was an Initiate of Okawaru.
             Killed from afar by Maurice (6 damage)
             ... with a bolt of acid
             ... on level 9 of the Dungeon.
             The game lasted 00:04:04 (7753 turns).

qw the Cleaver (Gargoyle Fighter)                   Turns: 7753, Time: 00:04:05

Health: -3/64      AC: 14    Str: 25    XL:     10   Next: 63%
Magic:  10/10      EV:  7    Int:  8    God:    Okawaru [......]
Gold:   21         SH:  9    Dex:  9    Spells: 9/9 levels left

rFire   . . .        Y - +1 war axe (heavy)
rCold   . . .        c - +0 buckler
rNeg    + . .        i - +0 plate armour
rPois   inf          f - +0 helmet
rElec   +            (no cloak)
rCorr   .            a - +0 pair of gloves
SInv    .            j - +2 pair of boots {Stlth+}
Will    .....        u - amulet of reflection Stlth
                     (no ring)
HPRegen 0.30/turn    (no ring)
MPRegen 0.12/turn

%: reflection
@: corroded
A: sickness immunity, AC +7, negative energy resistance 1, electricity
resistance, torment resistance 1, petrification resistance
a: Renounce Religion


You were on level 9 of the Dungeon.
You worshipped Okawaru.
Okawaru was noncommittal.
You visited 2 branches of the dungeon, and saw 10 of its levels.

You collected 21 gold pieces.


Innate Abilities, Weirdness & Mutations

You are immune to sickness and miasma.
Your stone body is resilient. (AC +7)
You are immune to poison.
You resist negative energy. (rN+)
You are resistant to electric shocks. (rElec)
You are resistant to unholy torment.
You are immune to petrification.


   Skills:
 - Level 8.0 Fighting
 - Level 11.0 Axes
 - Level 1.9 Throwing
 + Level 7.0 Armour
 - Level 1.7 Dodging
 - Level 5.0 Shields


You had 9 spell levels left.
You didn't know any spells.
Your spell library was empty.

Inventory:

Hand Weapons
 Y - a +1 heavy war axe (weapon)
Armour
 a - a +0 pair of gloves (worn)
 c - a +0 buckler (worn)
 f - a +0 helmet (worn)
 i - a +0 plate armour (worn)
 j - a +2 pair of boots of stealth (worn)
Jewellery
 u - an amulet of reflection (around neck)
Scrolls
 m - 2 scrolls of teleportation
 n - a scroll of identify
Potions
 d - a potion of might
 e - 5 potions of heal wounds
 g - 5 potions of attraction
 h - 2 potions of curing
 k - a potion of brilliance {unknown}
 o - a potion of magic {unknown}
 p - a potion of enlightenment {unknown}
 q - a potion of mutation {unknown}
 s - a potion of degeneration {unknown}

Dungeon Overview and Level Annotations

Branches:
Dungeon (9/15)             Temple (1/1) D:7
   Lair: D:8-11         Orc: D:9-12

Altars:
Ashenzari
Dithmenos
Elyvilon
Fedhas
Gozag
Hepliaklqana
Kikubaaqudgha
Makhleb
Nemelex Xobeh
Okawaru
Qazlal
Ru
Sif Muna
Trog
Uskayaw
Vehumet
Wu Jian
Xom
Yredelemnul
The Shining One

Shops:
D:7 :

Annotations:
D:6 1 runed translucent door, Crazy Yiuf
D:9 Maurice


Message History

You hear a zap.
A bolt of acid appears from out of thin air!
The bolt of acid hits you. The acid corrodes you!
Something hits you but does no damage.
You closely miss something. Something hits you.
Something steals 1 of your 3 scrolls of teleportation!
Something hits you!
Something steals your +1 war axe of flaming!
You miss something. Something hits you.
Something steals 453 gold pieces!
You now have 21 gold pieces.
You hear a zap.
A bolt of acid appears from out of thin air!
The bolt of acid hits you!! The acid corrodes you!
You hit something but do no damage.
Maurice appears from thin air!
Reactivating autopickup.
Maurice mumbles some strange words.
Maurice blinks!
Maurice casts a spell.
Maurice flickers and vanishes!
Deactivating autopickup; reactivate with Ctrl-A.
You swing at nothing.
You swing at nothing.
You hear a zap.
A bolt of acid appears from out of thin air!
The bolt of acid hits you. The acid corrodes you!
You hear a zap.
A bolt of acid appears from out of thin air!
The bolt of acid hits you!
You swing at nothing.
You hear some strange, mumbled words.
You hear a zap.
A bolt of acid appears from out of thin air!
The bolt of acid hits you!
You swing at nothing.
You hear a zap.
A bolt of acid appears from out of thin air!
The bolt of acid hits you.
You die...

...............
.?.............
...............
...............
.............
.........{.
........ยค#
.......@.#
........##
.........##
..#####...# .
#...## ##...##
#....## #<....#
#......#


There were no monsters in sight!

Vanquished Creatures
  A deep elf pyromancer (D:6)
  Pikel (D:6)
  Maggie (D:7)
  A hornet (D:8)
  Sigmund (D:6)
  A steam dragon (D:6)
  A water moccasin (D:5)
  3 orc warriors
  2 sky beasts
  A black bear (D:4)
  3 ice beasts
  An ogre (D:5)
  2 kobold brigands
  3 lemures (D:6)
  4 phantoms (D:6)
  2 bullfrogs
  3 scorpions
  A necrophage (D:5)
  9 wights
  4 howler monkeys
  A bullfrog zombie (D:6)
  A centaur zombie (D:6)
  A bullfrog skeleton (D:6)
  5 hounds
  A jelly (D:6)
  6 orc priests
  3 centaur skeletons (D:6)
  3 sleepcaps
  11 orc wizards
  2 iguanas
  A killer bee zombie (D:6)
  A hound skeleton (D:5)
  Robin (D:4)
  6 adders
  3 white imps (D:7)
  3 ufetubi
  A worm (D:4)
  7 dart slugs
  32 orcs
  4 endoplasms
  3 giant cockroaches
  10 goblins
  9 hobgoblins
  3 jackals (D:1)
  13 kobolds
  5 quokkas
  8 ball pythons
  3 bats
  2 frilled lizards
  9 rats
203 creatures vanquished.

Notes
Turn   | Place    | Note
-------+----------+-------------------------------------------
     0 | D:1      | qw the Gargoyle Fighter began the quest for the Orb.
     0 | D:1      | Reached XP level 1. HP: 14/14 MP: 1/1
     0 | D:1      | 0 ||| qw: Version: 0.3-a-5-g6f28e65
     0 | D:1      | 0 ||| qw: Game counter: 655
     0 | D:1      | 0 ||| qw: Always use a shield: true
     0 | D:1      | 0 ||| qw: God list: Okawaru
     0 | D:1      | 0 ||| qw: Allow faded altars: false
     0 | D:1      | 0 ||| qw: Do Orc after D:15 true
     0 | D:1      | 0 ||| qw: Do second Lair branch before Depths: true
     0 | D:1      | 0 ||| qw: Lair rune preference: random
     0 | D:1      | 0 ||| qw: Plans: Normal, Zot:1-4, Slime:5, God:TSO, Crypt,
                  | Tomb, Abyss, Pan, Hells, Win
     0 | D:1      | 0 ||| PLANNING D:1-11
    10 | D:1      | Reached skill level 2 in Axes
    10 | D:1      | 10 ||| Stepping ~*~*~tactically~*~*~ (stealth).
    12 | D:1      | 12 ||| Stepping ~*~*~tactically~*~*~ (stealth).
    13 | D:1      | 13 ||| Stepping ~*~*~tactically~*~*~ (stealth).
    27 | D:1      | Reached XP level 2. HP: 9/19 MP: 2/2
    32 | D:1      | 32 ||| FLEEEEING.
    33 | D:1      | 33 ||| FLEEEEING.
    34 | D:1      | 34 ||| FLEEEEING.
    35 | D:1      | 35 ||| FLEEEEING.
   118 | D:1      | 118 ||| Stepping ~*~*~tactically~*~*~ (hiding).
   165 | D:1      | 165 ||| DROPPING +0 club.
   226 | D:1      | 226 ||| Stepping ~*~*~tactically~*~*~ (stealth).
   230 | D:1      | 230 ||| Stepping ~*~*~tactically~*~*~ (stealth).
   231 | D:1      | 231 ||| Stepping ~*~*~tactically~*~*~ (stealth).
   268 | D:1      | Found a faded altar of an unknown god.
   280 | D:1      | 280 ||| Stepping ~*~*~tactically~*~*~ (hiding).
   521 | D:1      | 521 ||| Stepping ~*~*~tactically~*~*~ (stealth).
   588 | D:1      | Reached skill level 3 in Axes
   675 | D:1      | Reached XP level 3. HP: 23/23 MP: 3/3
   953 | D:1      | 953 ||| READING scroll labelled CEREYLILIY.
   954 | D:1      | 954 ||| READING scroll labelled WIHAXTO JUEFF.
  1526 | D:2      | 1526 ||| READING scroll labelled PYENUB BOWKOCW.
  1527 | D:2      | 1527 ||| READING scroll labelled SOHUUPT ESTRIRO.
  1528 | D:2      | 1528 ||| DRINKING 2 pink potions.
  1613 | D:3      | 1613 ||| UPGRADING to amulet of the acrobat.
  1618 | D:3      | 1618 ||| READING scroll labelled OBRIBA XEKOA.
  1632 | D:3      | Reached XP level 4. HP: 28/28 MP: 4/4
  1644 | D:3      | Reached skill level 4 in Axes
  1747 | D:3      | Reached XP level 5. HP: 25/32 MP: 5/5
  1946 | D:3      | Reached skill level 5 in Axes
  2288 | D:3      | 2288 ||| Stepping ~*~*~tactically~*~*~ (hiding).
  2465 | D:3      | 2465 ||| UPGRADING to +0 chain mail.
  2475 | D:3      | 2475 ||| DROPPING +0 scale mail.
  2476 | D:3      | 2476 ||| READING scroll labelled CUOMOA AS HEC.
  2659 | D:4      | 2659 ||| DROPPING +0 whip.
  2668 | D:4      | 2668 ||| Stepping ~*~*~tactically~*~*~ (stealth).
  2671 | D:4      | Noticed Robin
  2672 | D:4      | 2672 ||| Stepping ~*~*~tactically~*~*~ (hiding).
  2688 | D:4      | Killed Robin
  2800 | D:4      | Reached XP level 6. HP: 38/38 MP: 6/6
  2805 | D:4      | Noticed a black bear
  2806 | D:4      | 2806 ||| Stepping ~*~*~tactically~*~*~ (stealth).
  2808 | D:4      | 2808 ||| Stepping ~*~*~tactically~*~*~ (stealth).
  2825 | D:4      | Killed a black bear
  2850 | D:4      | Found a glowing golden altar of the Shining One.
  2852 | D:4      | 2852 ||| Stepping ~*~*~tactically~*~*~ (hiding).
  2870 | D:4      | Reached skill level 6 in Axes
  2974 | D:4      | Found a white marble altar of Elyvilon.
  3049 | D:4      | 3049 ||| Stepping ~*~*~tactically~*~*~ (hiding).
  3050 | D:4      | 3050 ||| Stepping ~*~*~tactically~*~*~ (hiding).
  3127 | D:4      | HP: 8/38 [orc/+0 flail (6)]
  3128 | D:4      | 3128 ||| READING 2 scrolls of teleportation.
  3128 | D:4      | HP: 3/38 [orc/+0 flail (2)]
  3129 | D:4      | 3129 ||| DRINKING 2 potions of heal wounds.
  3139 | D:4      | Reached skill level 1 in Dodging
  3139 | D:4      | Reached XP level 7. HP: 32/43 MP: 7/7
  3224 | D:4      | 3224 ||| DROPPING +0 mace.
  3413 | D:4      | 3413 ||| UPGRADING to +0 helmet.
  3418 | D:4      | 3418 ||| READING scroll labelled TITACR SIGU.
  3418 | D:4      | Identified a scroll of acquirement
  3418 | D:4      | 3418 ||| ACQUIRING +2 pair of boots of stealth
  3418 | D:4      | Acquired a +2 pair of boots of stealth
  3420 | D:4      | 3420 ||| UPGRADING to +2 pair of boots of stealth.
  3425 | D:4      | 3425 ||| DRINKING 2 grey potions.
  3426 | D:4      | 3426 ||| READING 4 scrolls of identify.
  3426 | D:4      | 3426 ||| IDENTIFYING yellow potion
  3427 | D:4      | 3427 ||| READING 3 scrolls of identify.
  3427 | D:4      | 3427 ||| IDENTIFYING fuming white potion
  3428 | D:4      | 3428 ||| READING 2 scrolls of identify.
  3428 | D:4      | 3428 ||| IDENTIFYING cyan potion
  3429 | D:4      | 3429 ||| DROPPING potion of ambrosia.
  3466 | D:5      | Entered Level 5 of the Dungeon
  3467 | D:5      | 3467 ||| PLANNING OSSUARY
  3478 | D:5      | 3478 ||| Stepping ~*~*~tactically~*~*~ (hiding).
  3699 | D:5      | Reached skill level 7 in Axes
  3755 | D:5      | 3755 ||| Stepping ~*~*~tactically~*~*~ (hiding).
  3756 | D:5      | 3756 ||| Stepping ~*~*~tactically~*~*~ (hiding).
  3759 | D:5      | 3759 ||| Stepping ~*~*~tactically~*~*~ (hiding).
  3760 | D:5      | 3760 ||| Stepping ~*~*~tactically~*~*~ (hiding).
  4034 | D:5      | Reached skill level 1 in Throwing
  4034 | D:5      | Reached XP level 8. HP: 34/49 MP: 8/8
  4106 | D:5      | 4106 ||| RIP OSSUARY
  4122 | D:5      | 4122 ||| PLANNING D:1-11
  4504 | D:5      | Found a burning altar of Makhleb.
  4659 | D:5      | 4659 ||| UPGRADING to amulet of reflection.
  4669 | D:5      | 4669 ||| DROPPING amulet of the acrobat.
  4670 | D:5      | 4670 ||| READING scroll labelled BON PIXKECADO.
  4671 | D:5      | 4671 ||| READING scroll labelled UCAUMN AMITZ.
  4672 | D:5      | 4672 ||| DROPPING +0 flail.
  4673 | D:5      | 4673 ||| DROPPING +1 flail of draining.
  4674 | D:5      | 4674 ||| READING scroll labelled XURI OREVVIHELENE.
  4675 | D:5      | 4675 ||| READING scroll labelled DEXENO WAFUI.
  4714 | D:6      | Reached skill level 8 in Axes
  4784 | D:6      | 4784 ||| Stepping ~*~*~tactically~*~*~ (stealth).
  4802 | D:6      | Reached skill level 6 in Fighting
  4810 | D:6      | Reached XP level 9. HP: 28/56 MP: 9/9
  4999 | D:6      | 4999 ||| Stepping ~*~*~tactically~*~*~ (stealth).
  5007 | D:6      | Noticed Pikel
  5017 | D:6      | Noticed Sigmund
  5020 | D:6      | Killed Pikel
  5021 | D:6      | Reached skill level 9 in Axes
  5024 | D:6      | Killed Sigmund
  5288 | D:6      | Found a runed translucent door.
  5289 | D:6      | Noticed Crazy Yiuf
  5468 | D:6      | Noticed a deep elf pyromancer
  5471 | D:6      | 5471 ||| Stepping ~*~*~tactically~*~*~ (hiding).
  5481 | D:6      | Killed a deep elf pyromancer
  5482 | D:6      | Reached skill level 10 in Axes
  5682 | D:6      | Reached XP level 10. HP: 63/63 MP: 10/10
  5748 | D:6      | 5748 ||| UPGRADING to +0 plate armour.
  5758 | D:6      | 5758 ||| DROPPING +0 chain mail.
  5759 | D:6      | 5759 ||| READING scroll labelled KYSTRE AVOA.
  5796 | D:7      | Noticed Maggie
  5797 | D:7      | 5797 ||| Stepping ~*~*~tactically~*~*~ (hiding).
  5814 | D:7      | Killed Maggie
  5815 | D:7      | Reached skill level 6 in Armour
  5856 | D:7      | 5856 ||| Stepping ~*~*~tactically~*~*~ (hiding).
  5922 | D:7      | 5922 ||| Stepping ~*~*~tactically~*~*~ (stealth).
  5967 | D:7      | Found a basalt altar of Yredelemnul.
  6076 | D:7      | Identified the +4 hand axe of Ekkuar {protect, Int+6 Dex+6}
  6119 | D:7      | 6119 ||| Stepping ~*~*~tactically~*~*~ (hiding).
  6120 | D:7      | 6120 ||| Stepping ~*~*~tactically~*~*~ (stealth).
  6230 | D:7      | Found a staircase to the Ecumenical Temple.
  6231 | D:7      | 6231 ||| PLANNING TEMPLE
  6231 | D:7      | 6231 ||| UPGRADING to +0 pair of gloves.
  6236 | D:7      | 6236 ||| DROPPING ring of wizardry.
  6241 | D:7      | 6241 ||| Stepping ~*~*~tactically~*~*~ (hiding).
  6287 | Temple   | Entered the Ecumenical Temple
  6342 | Temple   | 6342 ||| PLANNING D:1-11
  6444 | D:7      | Found Zif Xaohu's Book Emporium.
  6692 | D:7      | Found an opulent altar of Gozag.
  6692 | D:7      | Found a blossoming altar of Fedhas.
  6693 | D:7      | Found a stormy altar of Qazlal.
  6696 | D:7      | Found an iron altar of Okawaru.
  6697 | D:7      | 6697 ||| PLANNING OKAWARU WORSHIP
  6697 | D:7      | 6697 ||| READING scroll labelled CAL ZUOSUUFIP.
  6702 | D:7      | Became a worshipper of Warmaster Okawaru
  6703 | D:7      | 6703 ||| PLANNING D:1-11
  6870 | D:8      | 6870 ||| SWAPPING to +1 heavy war axe.
  6973 | D:8      | 6973 ||| Stepping ~*~*~tactically~*~*~ (stealth).
  7089 | D:8      | Found an ancient bone altar of Kikubaaqudgha.
  7135 | D:8      | 7135 ||| Stepping ~*~*~tactically~*~*~ (hiding).
  7154 | D:8      | 7154 ||| Stepping ~*~*~tactically~*~*~ (stealth).
  7168 | D:8      | 7168 ||| Stepping ~*~*~tactically~*~*~ (hiding).
  7445 | D:8      | 7445 ||| Stepping ~*~*~tactically~*~*~ (hiding).
  7509 | D:8      | Found a shimmering altar of Xom.
  7684 | D:8      | 7684 ||| READING scroll labelled YNNIMA TOAMUIJUI.
  7727 | D:9      | Noticed Maurice
  7728 | D:9      | 7728 ||| Stepping ~*~*~tactically~*~*~ (stealth).
  7734 | D:9      | Reached skill level 11 in Axes
  7751 | D:9      | HP: 12/64 [something/bolt of acid (15)]
  7752 | D:9      | HP: 2/64 [something/bolt of acid (10)]
  7753 | D:9      | Killed from afar by Maurice

Levels and vault maps discovered:
D:1:      heliophobic_arrival_enchanted_forest, layout_basic,
          ebering_ecumenical_altar_sacrificial
D:2:      layout_basic
D:3:      layout_loops_ring, reono_crystal_passage, corexii_corridor_pit
D:4:      layout_basic, mainiacjoe_overflow_cross_hatched, tso_metal_star,
          hangedman_decor_lopped, uniq_robin
D:5:      layout_basic, makhleb_blood_cavern_becter, nicolae_ossuary_entry_ruins
D:6:      layout_basic, serial_undead, serial_undead_e, serial_undead_b,
          serial_undead_c, serial_undead_b, serial_undead_c, serial_undead_a,
          serial_undead_c, serial_undead_b, serial_undead_e, serial_undead_f,
          guppyfry_early_elven_hall, uniq_crazy_yiuf_cottage, uniq_sigmund,
          uniq_pikel
D:7:      layout_rooms, mainiacjoe_overflow_boulevard, minitemple,
          minmay_temple_entry_slanted, serial_shops, shop, hex_medium,
          lightli_minifort, uniq_maggie
D:8:      layout_loops_corners, mainiacjoe_overflow_tiny_flanked,
          mainiacjoe_overflow_alcove_2, minivault_10
D:9:      layout_layer_cave, amethyst_overflow_temple_binary, uniq_maurice
Temple:   zaba_magenta_temple

Skill      XL: |  1  2  3  4  5  6  7  8  9 10 |
---------------+-------------------------------+-----
Axes           | 2 3 4 5 6 7 8 10 11 | 11.0
Fighting       | 4 5 6 7 8 |  8.0
Dodging        | 1 |  1.7
Throwing       | 1 |  1.9
Armour         | 4 5 7 |  7.0
Shields        | 4 5 |  5.0

Action                     |  1- 3 |  4- 6 |  7- 9 | 10-12 || total
---------------------------+-------+-------+-------+-------++-------
  Melee: War axe           |   102 |   115 |   204 |   180 ||   601
  Throw: Boomerang         |       |       |    36 |       ||    36
    Use: Scroll            |     5 |     2 |     8 |     3 ||    18
         Potion            |     1 |     1 |     1 |       ||     3
 Armour: Scale mail        |    54 |    28 |       |       ||    82
         Chain mail        |       |    72 |   141 |     1 ||   214
         Plate armour      |       |       |       |    86 ||    86
  Dodge: Dodged            |    47 |   132 |    73 |    32 ||   284
  Block: Buckler           |    25 |    24 |    73 |    50 ||   172
         Reflection        |       |       |     1 |     3 ||     4

Table legend:
 A = Non-vault XP
 B = Vault XP
 C = Vault XP percentage of total XP
 D = Non-vault monster count
 E = Vault monster count
 F = Vault count percentage of total count
                 A         B        C        D         E       F
            +---------+---------+-------+---------+---------+-------
      Total |    4683 |    2871 |  38.0 |     166 |      34 |  17.0
            +---------+---------+-------+---------+---------+-------
        D:1 |      53 |       0 |   0.0 |      29 |       0 |   0.0
        D:2 |      27 |       0 |   0.0 |      16 |       0 |   0.0
        D:3 |     173 |       0 |   0.0 |      16 |       0 |   0.0
        D:4 |     400 |      36 |   8.3 |      22 |      12 |  35.3
        D:5 |     840 |      99 |  10.5 |      19 |       2 |   9.5
        D:6 |    1041 |    2127 |  67.1 |      20 |      14 |  41.2
        D:7 |     905 |     609 |  40.2 |      19 |       6 |  24.0
        D:8 |    1151 |       0 |   0.0 |      24 |       0 |   0.0
        D:9 |      93 |       0 |   0.0 |       1 |       0 |   0.0
            +---------+---------+-------+---------+---------+-------
